 Dungeon Crawl Stone Soup version 0.17.0-28-g6e173f8 (webtiles) character file.

3344 ketsa the Summoner (level 10, -1/52 HPs)
             Began as a Tengu Summoner on Nov 26, 2015.
             Was a Believer of Qazlal.
             Slain by a killer bee (4 damage)
             ... on level 9 of the Dungeon on Nov 27, 2015.
             The game lasted 00:57:09 (11370 turns).

ketsa the Summoner (Tengu Summoner)                Turns: 11370, Time: 00:57:10

Health: -1/52      AC:  6    Str:  8    XL:     10   Next: 2%
Magic:  25/28      EV: 18    Int: 24    God:    Qazlal [**....]
Gold:   131        SH: 10    Dex: 24    Spells: 6 memorised, 4 levels left

rFire  . . .     SeeInvis .     j - +8 trident of a ziggurat {venom, MP+9}
rCold  . . .     Clarity  .     a - +0 robe
rNeg   . . .     SustAt   .     N - +0 shield of the Invisible Hand {MR+} (curse)
rPois  .         Gourm    +     f - +2 hat
rElec  .         Spirit   .     (no cloak)
rCorr  .         Warding  .     T - +1 pair of gloves {archery}
rMut   .         Stasis   .     (boots unavailable)
MR     +....                    J - amulet "Jiuth" {Gourm Dex+4}
Stlth  +++.......               Q - +3 ring of intelligence
                                m - +2 ring of intelligence

@: agile, lethally poisoned (-1 -> -5), somewhat resistant to hostile
enchantments, fairly stealthy
A: beak, talons 3, able to fly 1
a: Fly, Upheaval, Renounce Religion


You were on level 9 of the Dungeon.
You worshipped Qazlal.
Qazlal was pleased with you.
You were very full.

You visited 2 branches of the dungeon, and saw 10 of its levels.

You collected 452 gold pieces.
You spent 321 gold pieces at shops.

Inventory:

Hand Weapons
 d - a +0 dagger
 e - a +0 club
 j - the +8 trident of a ziggurat (weapon) {venom, MP+9}
   (You found it on level 5 of the Dungeon)

   It poisons the flesh of those it strikes.
   It affects your magic capacity (+9).
 k - a cursed -1 short sword
 o - a +0 hand axe
 t - a +0 short sword
 A - a +2 dagger of draining
 E - a +0 spear
Missiles
 g - 328 stones (quivered)
Armour
 a - a +0 robe (worn)
 f - a +2 hat (worn)
 p - a +0 robe
 N - the cursed +0 shield of the Invisible Hand (worn) {MR+}
   (You found it on level 8 of the Dungeon)

   It affects your resistance to hostile enchantments.
   It has a curse placed upon it.
 S - the cursed +0 buckler of the Townfolk {-Cast rPois rN+ Str+2, unknown}
   (You bought it in a shop on level 8 of the Dungeon)

   It affects your strength (+2).
   It protects you from poison.
   It protects you from negative energy.
   It prevents spellcasting.
   It has a curse placed upon it.
 T - a +1 pair of gloves of archery (worn)
Rods
 D - a +2 lightning rod (11/11)
   (You found it on level 8 of the Dungeon)
Jewellery
 m - a +2 ring of intelligence (left hand)
 x - an uncursed ring of teleportation
 G - an uncursed amulet of clarity
 J - the amulet "Jiuth" (around neck) {Gourm Dex+4}
   (You took it off an orc wizard on level 5 of the Dungeon)

   [amulet of the gourmand]

   It allows you to eat raw meat even when not hungry.
   It affects your dexterity (+4).
 Q - a +3 ring of intelligence (right hand)
Wands
 P - a wand of frost (46)
Scrolls
 i - 7 scrolls of identify
 q - 3 scrolls of magic mapping
 y - a scroll of enchant weapon
 F - a scroll of blinking {unknown}
 M - a scroll of teleportation
 O - a scroll of immolation {unknown}
Potions
 l - 2 potions of cancellation
 n - 4 potions of brilliance
 r - 2 potions of agility
 u - a potion of degeneration {unknown}
 w - a potion of might {unknown}
 B - a potion of mutation {unknown}
 H - 2 potions of resistance {unknown}
 I - a potion of magic {unknown}
 L - 2 potions of poison {unknown}
Books
 b - a book of Callings

   Spells                             Type                      Level
   a - Summon Small Mammal            Summoning                    1
   b - Call Imp                       Summoning                    2
   c - Call Canine Familiar           Summoning                    3
   d - Summon Guardian Golem          Hexes/Summoning              3
   e - Summon Lightning Spire         Summoning/Air                4
   f - Summon Ice Beast               Ice/Summoning                4
 v - a book of Clouds

   Spells                             Type                      Level
   a - Mephitic Cloud                 Conjuration/Poison/Air       3
   b - Conjure Flame                  Conjuration/Fire             3
   c - Poisonous Cloud                Conjuration/Poison/Air       6
   d - Freezing Cloud                 Conjuration/Ice/Air          6
   e - Ring of Flames                 Charms/Fire                  7
Comestibles
 c - 10 bread rations
 z - a meat ration
 C - 5 beef jerkies
 K - 7 slices of pizza
 R - 7 chunks of flesh


   Skills:
 - Level 1.0 Fighting
 - Level 2.5 Short Blades
 - Level 6.2 Polearms
 + Level 4.6 Dodging
 - Level 2.0 Stealth
 + Level 5.8 Spellcasting
 * Level 3.3 Conjurations
 - Level 3.0 Hexes
 + Level 10.1 Summonings
 + Level 3.3 Air Magic
 + Level 2.4 Poison Magic


You had 4 spell levels left.
You knew the following spells:

 Your Spells              Type           Power        Failure   Level  Hunger
a - Summon Small Mammal   Summ           ####         1%          1    None
b - Call Imp              Summ           ######..     1%          2    None
c - Call Canine Familiar  Summ           ######..     2%          3    #......
d - Summon Guardian Gole  Hex/Summ       #####...     12%         3    #......
e - Mephitic Cloud        Conj/Pois/Air  ###.....     63%         3    #......
f - Summon Lightning Spi  Summ/Air       #####...     38%         4    ###....


Dungeon Overview and Level Annotations

Branches:
Dungeon (9/15)             Temple (1/1) D:5
   Lair: D:8-11         Orc: D:9-12

Altars:
Ashenzari
Cheibriados
Dithmenos
Elyvilon
Fedhas
Gozag
Kikubaaqudgha
Makhleb
Nemelex Xobeh
Okawaru
Qazlal
Sif Muna
Trog
Vehumet
Xom
Yredelemnul
Zin
The Shining One
Beogh

Shops:
D:5 !   D:8 [

Annotations:
D:3 1 exclusion


Innate Abilities, Weirdness & Mutations

You have a beak for a mouth.
You have claws for feet.
You can fly.


Message History

A wight and a zombie come into view.
You are too injured to fight recklessly!
You are too injured to fight recklessly!
You are too injured to fight recklessly!
You are too injured to fight recklessly!
You are too injured to fight recklessly!
You are too injured to fight recklessly!
Drink which item? (? for menu, Esc to quit)
It was a potion of cure mutation.
It has a very clean taste.
The killer bee barely misses you. You block the killer bee's attack.
Your wolf closely misses the killer bee.
The killer bee barely misses you. The killer bee misses you.
Your wolf barely misses the killer bee.
The jelly hits you but does no damage.
A worker ant zombie comes into view.
Drink which item? (? for menu, Esc to quit)
It was a potion of agility.
You feel agile all of a sudden.
* * * LOW HITPOINT WARNING * * *
You feel sick. You block the killer bee's attack. The killer bee stings you.
You die...

#. ##....... ###.
#......... #....
#.......... #....
#...#.#.#.#.
+.....#............
#.....#.....⌠.....⌠.
#.....†.h......_....
#yy...⌠.....⌠.
###+#@J...........
.z........#.#.#.#.#
.Z.....................#
Z.........#....#.......#
...>......#....#.......#
..........#....#.......#
.##########....###.....#
#......#.....+
#......#.....#


You could see a jelly, 2 killer bees, a wight, a worker ant zombie (wandering),
a centaur zombie and a friendly wolf.

Vanquished Creatures
  A two-headed ogre (D:8)
  A troll (D:9)
  A human (D:7)
  2 wolves (D:8)
  A sky beast (D:6)
  An ice beast (D:8)
  A phantom (D:5)
  5 orc warriors
  A centaur (D:9)
  A giant frog (D:6)
  2 killer bees (D:9)
  2 wights (D:7)
  2 hounds
  A jelly (D:6)
  2 quasits
  An orc priest (D:8)
  3 worker ants
  2 iguanas
  3 orc wizards
  4 sheep (D:7)
  4 adders
  A shadow imp (D:5)
  2 adder skeletons
  An ooze (D:5)
  A worm (D:2)
  3 giant geckos
  16 orcs
  A ball python (D:1)
  8 bats
  A giant cockroach (D:8)
  8 hobgoblins
  8 jackals
  3 quokkas
  9 giant newts
  4 goblins
  9 kobolds
  A quokka skeleton (D:4)
  9 rats
126 creatures vanquished.

Vanquished Creatures (collateral kills)
  Prince Ribbit (D:8)
  Grum (D:8)
  A wolf (D:8)
  2 ice beasts
  A centaur (D:7)
  A necrophage (D:9)
  A phantom (D:8)
  2 ogres
  A giant frog (D:8)
  A wyvern skeleton (D:8)
  2 killer bees (D:9)
  A wight (D:7)
  A crimson imp (D:8)
  A giant frog zombie (D:5)
  A centaur zombie (D:7)
  2 hounds
  6 orc wizards
  A giant frog skeleton (D:5)
  A worker ant (D:4)
  A killer bee zombie (D:8)
  A hound skeleton (D:7)
  A worker ant zombie (D:5)
  5 adders
  An ooze (D:3)
  An adder zombie (D:5)
  An adder skeleton (D:6)
  A worm (D:4)
  A giant gecko (D:2)
  9 orcs
  A bat (D:2)
  2 giant cockroaches
  4 goblins
  4 hobgoblins
  4 jackals
  3 kobolds
  A quokka (D:3)
  2 giant newts (D:1)
  A quokka skeleton (D:4)
  2 rats (D:1)
74 creatures vanquished.

Grand Total: 200 creatures vanquished

Notes
Turn   | Place    | Note
--------------------------------------------------------------
     0 | D:1      | ketsa the Tengu Summoner began the quest for the Orb.
     0 | D:1      | Reached XP level 1. HP: 10/10 MP: 4/4
   168 | D:1      | Reached skill level 5 in Summonings
   317 | D:1      | Reached XP level 2. HP: 12/15 MP: 4/6
   324 | D:1      | Learned a level 2 spell: Call Imp
   929 | D:1      | Reached XP level 3. HP: 19/19 MP: 5/7
  1590 | D:2      | Reached skill level 1 in Short Blades
  2272 | D:2      | Reached XP level 4. HP: 15/24 MP: 6/9
  2533 | D:2      | Learned a level 3 spell: Call Canine Familiar
  2822 | D:3      | Found a roughly hewn altar of Beogh.
  2986 | D:3      | Found a faded altar to an unknown god.
  4407 | D:4      | Found a burning altar of Makhleb.
  4441 | D:4      | Found a shadowy altar of Dithmenos.
  4468 | D:4      | Gained mutation: You can fly. [Tengu growth]
  4468 | D:4      | Reached XP level 5. HP: 15/28 MP: 4/10
  4472 | D:4      | Reached skill level 6 in Summonings
  4549 | D:4      | Found a shattered altar of Ashenzari.
  4603 | D:4      | Noticed an ice beast
  4982 | D:5      | Entered Level 5 of the Dungeon
  5255 | D:4      | Noticed an ogre
  5269 | D:4      | Killed an ogre
  5440 | D:4      | Killed an ice beast
  5440 | D:4      | Reached XP level 6. HP: 32/32 MP: 2/12
  5544 | D:4      | Learned a level 3 spell: Summon Guardian Golem
  5821 | D:5      | Found an iron altar of Okawaru.
  6106 | D:5      | Got a pitted trident
  6107 | D:5      | Identified the +8 trident of a ziggurat {venom, MP+9} (You found it on level 5 of the Dungeon)
  6171 | D:5      | Reached skill level 7 in Summonings
  6196 | D:5      | Noticed a phantom
  6231 | D:5      | Killed a phantom
  6231 | D:5      | Reached skill level 1 in Polearms
  6719 | D:5      | Found a staircase to the Ecumenical Temple.
  6728 | D:5      | Reached skill level 1 in Fighting
  6728 | D:5      | Reached XP level 7. HP: 36/38 MP: 13/13
  6734 | D:5      | Got a translucent ruby amulet
  6744 | Temple   | Entered the Ecumenical Temple
  7146 | Temple   | Became a worshipper of Qazlal Stormbringer
  7249 | D:5      | Found Hifiqus's Distillery.
  7344 | D:6      | Reached skill level 1 in Hexes
  7609 | D:6      | Reached skill level 8 in Summonings
  8222 | D:7      | Noticed a human
  8236 | D:7      | Killed a human
  8236 | D:7      | Reached XP level 8. HP: 18/43 MP: 15/15
  9004 | D:7      | Reached * piety under Qazlal
  9098 | D:7      | Found a sparkling altar of Nemelex Xobeh.
  9238 | D:7      | Reached skill level 9 in Summonings
  9500 | D:7      | Reached skill level 5 in Polearms
  9685 | D:7      | Identified the amulet "Jiuth" {Gourm Dex+4} (You took it off an orc wizard on level 5 of the Dungeon)
 10042 | D:8      | Reached skill level 5 in Spellcasting
 10042 | D:8      | Reached XP level 9. HP: 41/47 MP: 17/17
 10049 | D:8      | Noticed Prince Ribbit
 10066 | D:8      | Killed Prince Ribbit
 10287 | D:8      | Found a glowing golden altar of the Shining One.
 10410 | D:8      | Learned a level 3 spell: Mephitic Cloud
 10415 | D:8      | Learned a level 4 spell: Summon Lightning Spire
 10421 | D:8      | Noticed a two-headed ogre
 10429 | D:8      | Killed a two-headed ogre
 10429 | D:8      | Reached skill level 1 in Conjurations
 10429 | D:8      | Reached skill level 1 in Air Magic
 10466 | D:8      | Got a scorched shield
 10645 | D:8      | Found a blossoming altar of Fedhas.
 10657 | D:8      | Noticed Grum
 10666 | D:8      | Killed Grum
 10678 | D:8      | Reached skill level 1 in Poison Magic
 10795 | D:8      | Found Ikij's Antique Armour Shop.
 10813 | D:8      | Identified the cursed +0 shield of the Invisible Hand {MR+} (You found it on level 8 of the Dungeon)
 10816 | D:8      | Bought an encrusted buckler for 218 gold pieces
 10816 | D:8      | Bought a pair of glowing gloves for 103 gold pieces
 10866 | D:8      | Reached ** piety under Qazlal
 11055 | D:8      | Reached skill level 10 in Summonings
 11341 | D:9      | Found a white marble altar of Elyvilon.
 11354 | D:9      | Reached XP level 10. HP: 24/52 MP: 19/19
 11370 | D:9      | Slain by a killer bee

Action                   |  1- 3 |  4- 6 |  7- 9 | 10-12 || total
-------------------------+-------+-------+-------+-------++-------
Melee: Dagger            |   123 |   133 |       |       ||   256
       Unarmed           |     6 |       |       |       ||     6
       Trident           |       |    20 |   201 |    10 ||   231
       Spear             |       |     6 |       |       ||     6
Throw: Stone             |       |     1 |     1 |       ||     2
 Cast: Summon Small Mamm |    22 |    22 |    23 |     1 ||    68
       Call Imp          |    12 |    20 |    13 |     1 ||    46
       Call Canine Famil |       |    14 |    30 |       ||    44
       Summon Guardian G |       |       |     3 |       ||     3
  Use: Potion            |     1 |     2 |     1 |     3 ||     7
       Scroll            |     1 |     2 |     6 |       ||     9
 Stab: Sleeping          |     2 |     7 |     2 |       ||    11
       Distracted        |       |     1 |     1 |       ||     2
  Eat: Chunk             |     5 |    11 |    23 |       ||    39
       Pizza             |       |     1 |     1 |       ||     2
       Fruit             |       |     5 |       |       ||     5
